Map: Oceanborn LE

Players

ProtossFan (uThermal)

  • Race: Protoss Protoss
  • League: Grandmaster
  • Spawn Location: 11:00

sebesdes - Winner!

  • Race: Protoss Protoss
  • League: Grandmaster
  • Spawn Location: 5:00

Event: HomeStory Cup XXV

VOD

Have the link to the VOD?

Description

Time

  • Played on: June 21, 2024, 1:58 p.m.
  • Length: 8:32

All games in this series

Show
View Real Time Build Order
Export as new Build Order

ProtossFan Protoss 

Build Orders:  

Get SALT Encoding   

  12  0:00  Probe  
  13  0:12  Probe  
  14  0:18  Pylon  
  14  0:24  Probe  
  15  0:36  Probe (Chrono Boost)  
  15  0:37  Gateway  
  16  0:46  Assimilator  
  16  0:47  Probe (Chrono Boost)  
  17  0:52  Probe (Chrono Boost)  
  18  1:03  Probe  
  19  1:09  Gateway  
  19  1:13  Gateway  
  19  1:16  Probe  
  20  1:26  Cybernetics Core  
  20  1:29  Probe  
  21  1:37  Pylon  
  21  1:42  Probe  
  22  1:53  Assimilator  
  22  1:56  Probe  
  23  2:04  Adept x2 (Chrono Boost)  
  23  2:07  Adept (Chrono Boost)  
  29  2:14  Pylon  
  29  2:17  Warp Gate (Chrono Boost)  
  29  2:37  Adept x3 (Chrono Boost)  
  35  2:46  Pylon  
  35  3:04  Probe  
  34  3:16  Probe  
  33  3:22  Nexus  
  31  3:30  Stalker, Sentry x2  
  37  3:40  Pylon  
  37  3:41  Probe  
  34  3:51  Shield Battery  
  32  4:01  Stalker  
  34  4:03  Sentry  
  34  4:04  Phoenix  
  34  4:07  Probe  
  34  4:08  Sentry  
  39  4:19  Probe (Chrono Boost)  
  40  4:25  Twilight Council  
  40  4:31  Probe (Chrono Boost)  
  41  4:36  Probe (Chrono Boost)  
  43  4:40  Probe (Chrono Boost)  
  43  4:43  Probe (Chrono Boost)  
  44  4:47  Probe (Chrono Boost)  
  44  4:48  Probe (Chrono Boost)  
  46  4:53  Pylon  
  46  4:57  Stalker x2, Probe  
  51  5:06  Stalker  
  45  5:07  Probe  
  45  5:09  Probe  
  45  5:19  Probe  
  45  5:20  Stalker x2  
  47  5:21  Probe  
  46  5:31  Probe  
  46  5:32  Stalker  
  46  5:33  Probe  
  46  5:43  Stalker, Probe  
  46  5:46  Assimilator  
  46  5:47  Stalker  
  51  5:56  Gateway, Stalker  
  53  6:00  Gateway  
  53  6:01  Probe x2  
  55  6:06  Zealot  
  55  6:11  Zealot  
  49  6:21  Zealot  
  45  6:27  Stalker, Probe  
  47  6:34  Stalker, Blink (Chrono Boost)  
  47  6:35  Pylon  
  49  6:40  Probe  
  49  6:45  Stalker x2  
  46  6:55  Zealot x2  
  46  6:57  Probe  
  46  7:01  Probe  
  44  7:07  Sentry  
  44  7:11  Zealot  
  44  7:16  Stalker  
  44  7:21  Stalker  
  48  7:33  Stalker  
  48  7:36  Stalker, Probe  
  49  7:43  Probe  
  48  7:48  Probe  
  46  7:55  Stalker  
  46  8:09  Stalker  
  46  8:10  Probe  
  46  8:11  Probe  
  48  8:19  Stalker  
Show
View Real Time Build Order
Export as new Build Order

sebesdes Protoss - Winner!

Build Orders: Phoenix Opening 

Get SALT Encoding   

  12  0:00  Probe  
  13  0:12  Probe  
  14  0:16  Pylon  
  14  0:24  Probe (Chrono Boost)  
  16  0:35  Gateway  
  16  0:36  Probe (Chrono Boost)  
  16  0:43  Probe (Chrono Boost)  
  16  0:46  Assimilator  
  17  0:50  Probe  
  17  0:53  Assimilator  
  18  1:03  Probe (Chrono Boost)  
  19  1:11  Gateway  
  20  1:12  Probe (Chrono Boost)  
  20  1:17  Probe (Chrono Boost)  
  20  1:23  Cybernetics Core  
  21  1:29  Probe  
  22  1:34  Pylon  
  22  1:41  Probe  
  23  1:53  Probe  
  24  1:57  Warp Gate (Chrono Boost)  
  24  1:59  Stalker, Sentry  
  28  2:11  Pylon  
  28  2:22  Stalker  
  30  2:29  Stalker  
  32  2:31  Phoenix  
  32  2:45  Nexus  
  32  2:51  Shield Battery  
  32  2:53  Sentry  
  32  2:57  Probe  
  35  3:09  Probe  
  32  3:21  Probe  
  33  3:33  Probe  
  34  3:38  Stalker x2  
  37  3:45  Probe (Chrono Boost)  
  35  3:58  Probe (Chrono Boost)  
  35  4:01  Sentry x2  
  41  4:03  Probe (Chrono Boost)  
  41  4:05  Robotics Facility  
  41  4:06  Probe (Chrono Boost)  
  43  4:11  Probe (Chrono Boost)  
  43  4:16  Probe (Chrono Boost)  
  44  4:17  Probe (Chrono Boost)  
  46  4:24  Probe  
  46  4:25  Sentry  
  46  4:28  Stalker  
  46  4:30  Probe  
  51  4:36  Pylon  
  51  4:40  Probe (Chrono Boost)  
  51  4:44  Probe (Chrono Boost)  
  54  4:56  Probe (Chrono Boost)  
  54  4:57  Warp Prism (Chrono Boost), Probe (Chrono Boost)  
  57  5:05  Probe  
  58  5:18  Stalker x2  
  60  5:24  Probe x2  
  60  5:27  Pylon  
  62  5:35  Observer (Chrono Boost)  
  57  5:44  Immortal (Chrono Boost)  
  61  5:50  Stalker x2  
  61  5:56  Probe  
  66  5:59  Probe  
  67  6:04  Pylon  
  67  6:08  Probe  
  67  6:11  Probe  
  65  6:13  Immortal (Chrono Boost)  
  67  6:24  Adept x2  
  67  6:27  Probe x2  
  67  6:28  Nexus  
  69  6:44  Immortal  
  69  6:45  Stalker  
  69  6:46  Stalker  
  67  7:07  Probe x2  
  67  7:09  Gateway  
  67  7:10  Adept x2  
  67  7:15  Gateway  
  71  7:16  Assimilator  
  71  7:19  Probe  
  72  7:23  Immortal (Chrono Boost)  
  72  7:27  Probe  
  72  7:29  Pylon  
  77  7:41  Probe  
  78  7:46  Probe  
  79  7:51  Stalker  
  79  7:52  Stalker  
  79  7:55  Probe  
  84  8:00  Immortal (Chrono Boost)  
  84  8:01  Probe  
  84  8:02  Pylon  
  85  8:06  Probe  
  85  8:08  Probe  
  85  8:11  Stalker x2  
  91  8:13  Probe (Chrono Boost)  
  91  8:16  Pylon  
  91  8:17  Shield Battery, Adept x2  
  97  8:20  Probe (Chrono Boost)  
  97  8:22  Gateway  
  97  8:26  Pylon  
Tags
 
Add a new tag
Caveats
  • Supply blocks, unpowered buildings, or Contaminate may cause inaccurate times.
  • Supply counts are checked every 10 seconds.